 Dungeon Sprint DCSS version 0.28.0-43-g3370ac3207 (webtiles) character file.

Game seed: 11853200745796403097

5590 boopmooplesden the Fencer (level 10, -7/102 HPs)
             Began as a Minotaur Berserker on Mar 27, 2022.
             Was an Elder of Trog.
             Mangled by a spriggan berserker
             ... wielding a +0 war axe
              (12 damage)
             ... in the Dungeon (Sprint IV: "Fedhas' Mad Dash").
             The game lasted 00:05:40 (4065 turns).

boopmooplesden the Fencer (Minotaur Berserker)      Turns: 4065, Time: 00:05:41

Health: -7/102     AC: 12    Str: 23    XL:     10   Next: 45%
Magic:  9/9        EV: 12    Int:  4    God:    Trog [****..]
Gold:   182        SH:  0    Dex: 13    Spells: 9/9 levels left

rFire   + + .      SeeInvis .   p - +2 double sword
rCold   x . .      Faith    .   (no shield)
rNeg    . . .      Spirit   .   o - +0 fire dragon scales
rPois   .          Reflect  .   (helmet restricted)
rElec   .          Harm     .   (no cloak)
rCorr   .          Rampage  .   (no gloves)
Will    .....      NoTele   +   (no boots)
Stlth   ++........              i - amulet of invisibility {+Inv}
HPRegen 0.27/turn               (no ring)
MPRegen 0.11/turn               (no ring)

@: on berserk cooldown, slowed, very slow
A: horns 2, retaliatory headbutt
a: Renounce Religion, Evoke Invisibility, Berserk, Trog's Hand, Brothers in Arms


You were in the Dungeon.
You worshipped Trog.
Trog was greatly pleased with you.
You visited 1 branch You collected 231 gold pieces.
You spent 49 gold pieces at shops.

Inventory:

Hand Weapons
 a - a +0 falchion
 m - a +2 vorpal long sword
 p - a +2 double sword (weapon)
 q - a +1 antimagic great sword
Armour
 b - a +0 animal skin
 j - a +0 chain mail
 n - a +1 ring mail of cold resistance
 o - +0 fire dragon scales (worn)
Jewellery
 i - the amulet of invisibility (around neck) {+Inv}
   (You found it in the Dungeon)

   [amulet of nothing]

   +Inv:      It lets you turn invisible.
Scrolls
 h - a scroll of blinking
Potions
 c - a potion of curing
 d - 2 potions of heal wounds
 e - 2 potions of haste
 f - 2 potions of magic
 g - a potion of berserk rage
 l - a potion of degeneration {unknown}


   Skills:
 + Level 13.8 Fighting
 + Level 15.3 Long Blades
 + Level 12.1 Armour
 + Level 6.8 Dodging
 + Level 9.2 Stealth
 + Level 10.2 Evocations


You had 9 spell levels left.
You didn't know any spells.
Your spell library was empty.

Dungeon Overview and Level Annotations

Branches:
Dungeon (1/1)

Altars:
Cheibriados
Dithmenos
Elyvilon
Gozag
Hepliaklqana
Kikubaaqudgha
Makhleb
Nemelex Xobeh
Okawaru
Qazlal
Ru
Sif Muna
Trog
Uskayaw
Vehumet
Wu Jian
Xom
Yredelemnul
Zin
The Shining One
Beogh
Jiyva
Lugonu

Shops:
D ([=:*=

Annotations:
D Agnes


Innate Abilities, Weirdness & Mutations

You have a pair of horns on your head.
You reflexively headbutt those who attack you in melee.


Message History

You are no longer berserk.
You are exhausted.
You feel yourself slow down.
Your ogre hits the spriggan berserker with a +0 giant spiked club!!
Your ogre closely misses the spriggan berserker.
The spriggan berserker hits your ogre with a +0 war axe!
Your ogre completely misses the spriggan berserker.
There is an open door here.
You hear a shout!
Your two-headed ogre goes berserk!
The spriggan berserker hits your ogre with a +0 war axe!!
Your ogre dies!
Your ogre's corpse disappears in a puff of smoke!
The spriggan berserker hits your two-headed ogre with a +0 war axe!
The spriggan berserker hits your two-headed ogre with a +0 war axe!!
Something hits your two-headed ogre!!!
Your two-headed ogre dies!
Your two-headed ogre's corpse disappears in a puff of smoke!
You miss Agnes.
Agnes hits you with a +2 lajatang of speed.
The spriggan berserker hits you with a +0 war axe!!
Your troll goes berserk!
Trog will no longer gift you weapons.
The spriggan berserker hits you but does no damage.
The spriggan berserker hits you with a +0 war axe!
You hit the spriggan berserker.
The spriggan berserker is heavily wounded.
The spriggan berserker barely misses you.
The spriggan berserker hits you with a +0 war axe!!
You closely miss the spriggan berserker.
You headbutt the spriggan berserker!
The spriggan berserker is severely wounded.
The spriggan berserker hits you with a +0 war axe!!
* * * LOW HITPOINT WARNING * * *
The spriggan berserker hits your troll with a +0 war axe!!
Your troll misses the spriggan berserker.
Your troll completely misses the spriggan berserker.
Your troll claws the spriggan berserker!
The spriggan berserker hits you with a +0 war axe!
You die...

###############################
⌠._._._._.⌠.#.)')..#....##∩##:#
._._._._._..'..#)..#....'.)##'#
.._._._._...#..###'##..[##∩#..###
._._._._._..#..##∩∩.'...#####....
_._._._._.⌠.#################...∩
#################.....:###)....♣.
♣♣♣♣..♣.###.'..iT.....:'.))..♣..∩
....♣..♣##:.#..#@P.....##########
.♣♣♣.♣).###.##'##.P....#
♣..♣...♣'...#♣i♣########
#############.i.,,**** ,,,,*
***,.♣..♣,,,,***
,,,,*****,,.♣....,,*,,,****
,,,,,,,,,,..,♣....,∩,∩,,,,*
,,,,,,***##**#####*********
******* ******* *******


You could see a spriggan berserker (berserk, ally target) and a friendly troll
(summoned, berserk).

Vanquished Creatures
  A spriggan druid (D)
  6 oklob plants (D)
  A moth of wrath (D)
  A demonic crawler (D)
  A hornet (D)
  3 burning bushes (D)
  A queen bee (D)
  3 wandering mushrooms (D)
  3 scorpions (D)
  4 killer bees (D)
  5 oklob saplings (D)
  5 spriggans (D)
  A river rat (D)
  A rat (D)
36 creatures vanquished.

Vanquished Creatures (others)
  A ballistomycete spore (D)
  A bush (D)
  2 fungi (D)
4 creatures vanquished.

Grand Total: 40 creatures vanquished

Notes
Turn   | Place    | Note
-------+----------+-------------------------------------------
     0 | D        | boopmooplesden the Minotaur Berserker began the quest for
                  | the Orb.
     0 | D        | Reached XP level 1. HP: 19/19 MP: 0/0
     9 | D        | Reached skill level 5 in Long Blades
     9 | D        | Reached XP level 2. HP: 28/28 MP: 1/1
    63 | D        | Noticed an oklob sapling
    65 | D        | Killed an oklob sapling
    65 | D        | Reached ** piety under Trog
    66 | D        | Reached skill level 5 in Fighting
    66 | D        | Reached skill level 6 in Long Blades
    66 | D        | Reached XP level 3. HP: 37/37 MP: 2/2
    67 | D        | Noticed a scorpion
    67 | D        | Found the amulet of invisibility {+Inv}
    73 | D        | Killed a scorpion
    74 | D        | Reached skill level 7 in Long Blades
    74 | D        | Reached XP level 4. HP: 46/47 MP: 3/3
   324 | D        | Found an opulent altar of Gozag.
   324 | D        | Found a hazy altar of Hepliaklqana.
   324 | D        | Found a snail-covered altar of Cheibriados.
   325 | D        | Found a viscous altar of Jiyva.
   325 | D        | Found a burning altar of Makhleb.
   325 | D        | Found a sparkling altar of Nemelex Xobeh.
   325 | D        | Found a sacrificial altar of Ru.
   325 | D        | Found a shimmering blue altar of Sif Muna.
   325 | D        | Found a bloodstained altar of Trog.
   325 | D        | Found an ornate altar of the Wu Jian Council.
   325 | D        | Found a shimmering altar of Xom.
   325 | D        | Found a basalt altar of Yredelemnul.
   326 | D        | Found an iron altar of Okawaru.
   326 | D        | Found a shadowy altar of Dithmenos.
   326 | D        | Found a glowing silver altar of Zin.
   327 | D        | Found an ancient bone altar of Kikubaaqudgha.
   327 | D        | Found a hide-covered altar of Uskayaw.
   328 | D        | Found a stormy altar of Qazlal.
   328 | D        | Found a white marble altar of Elyvilon.
   328 | D        | Found a glowing golden altar of the Shining One.
   329 | D        | Found a corrupted altar of Lugonu.
   329 | D        | Found a radiant altar of Vehumet.
   341 | D        | Reached skill level 8 in Long Blades
   341 | D        | Reached XP level 5. HP: 55/55 MP: 2/4
   353 | D        | Reached skill level 9 in Long Blades
   353 | D        | Reached skill level 1 in Evocations
   501 | D        | Reached *** piety under Trog
   502 | D        | Reached skill level 1 in Stealth
   761 | D        | Reached skill level 10 in Long Blades
   761 | D        | Reached skill level 5 in Armour
   761 | D        | Reached XP level 6. HP: 62/66 MP: 2/5
   764 | D        | Reached **** piety under Trog
  1098 | D        | Found Coasulok's Armour Shop.
  1099 | D        | Found Bedelouk's Weapon Emporium.
  1104 | D        | Bought a +0 chain mail for 49 gold pieces
  1117 | D        | Noticed a burning bush
  1117 | D        | Noticed a wandering mushroom
  1118 | D        | Noticed a wandering mushroom
  1127 | D        | Reached skill level 10 in Fighting
  1320 | D        | Killed a wandering mushroom
  1321 | D        | Reached skill level 11 in Long Blades
  1321 | D        | Reached skill level 5 in Dodging
  1326 | D        | Killed a wandering mushroom
  1327 | D        | Reached XP level 7. HP: 61/74 MP: 6/6
  1489 | D        | Killed a burning bush
  1490 | D        | Reached skill level 12 in Long Blades
  1490 | D        | Reached skill level 5 in Evocations
  1494 | D        | Found Tuastra's Jewellery Shoppe.
  1495 | D        | Found Zotibb's Book Emporium.
  1498 | D        | Identified the +6 hand axe "Baor" {pain, rElec Stlth+}
  1541 | D        | Noticed a queen bee
  1547 | D        | Reached ***** piety under Trog
  1549 | D        | Reached XP level 8. HP: 83/83 MP: 4/7
  1555 | D        | Killed a queen bee
  1704 | D        | Noticed an oklob plant
  1725 | D        | Killed an oklob plant
  1726 | D        | Reached skill level 13 in Long Blades
  1726 | D        | Reached skill level 5 in Stealth
  2038 | D        | Noticed a burning bush
  2057 | D        | Killed a burning bush
  2327 | D        | Noticed a burning bush
  2327 | D        | Noticed an oklob plant
  2329 | D        | Noticed a wandering mushroom
  2332 | D        | Killed a burning bush
  2332 | D        | Received a gift from Trog
  2333 | D        | Reached XP level 9. HP: 92/92 MP: 5/8
  2604 | D        | Killed an oklob plant
  2605 | D        | Reached skill level 14 in Long Blades
  2605 | D        | Reached skill level 10 in Armour
  2892 | D        | Noticed a spriggan druid
  2904 | D        | Killed a spriggan druid
  2931 | D        | Noticed a moth of wrath
  2943 | D        | Killed a moth of wrath
  3133 | D        | Noticed an oklob plant conjurer
  3267 | D        | Killed an oklob plant conjurer
  3342 | D        | Noticed an oklob plant
  3342 | D        | Noticed an oklob plant summoner
  3343 | D        | Noticed an oklob plant shifter
  3351 | D        | Killed an oklob plant summoner
  3352 | D        | Reached XP level 10. HP: 101/101 MP: 7/9
  3355 | D        | Killed an oklob plant shifter
  3355 | D        | Received a gift from Trog
  3356 | D        | Reached skill level 15 in Long Blades
  3363 | D        | Killed an oklob plant
  3611 | D        | Noticed a spriggan rider
  3615 | D        | Found Jarhuosam's General Store.
  3620 | D        | Reached skill level 10 in Evocations
  3621 | D        | Reached ****** piety under Trog
  3621 | D        | Received a gift from Trog
  3624 | D        | Found Osoczy's Jewellery Shoppe.
  4054 | D        | Noticed Agnes
  4055 | D        | Noticed a spriggan berserker
  4065 | D        | HP: 5/102 [spriggan berserker/+0 war axe (28)]
  4065 | D        | Mangled by a spriggan berserker

Illustrated notes

Levels and vault maps discovered:
D:        dungeon_sprint_fedhas [sprint_temple]

Skill      XL: |  1  2  3  4  5  6  7  8  9 10 |
---------------+-------------------------------+-----
Fighting       | 4 5 7 8 9 11 12 13 | 13.8
Long Blades    | 5 6 7 8 10 11 12 13 14 15 | 15.3
Armour         | 3 4 5 6 7 9 11 12 | 12.1
Dodging        | 3 4 5 6 |  6.8
Evocations     | 2 4 5 6 9 10 | 10.2
Stealth        | 2 3 4 6 8 9 |  9.2

Action                   |  1- 3 |  4- 6 |  7- 9 | 10-12 || total
-------------------------+-------+-------+-------+-------++-------
Melee: Falchion          |    11 |    41 |    97 |     9 ||   158
       Headbutt          |     1 |     9 |    33 |     7 ||    50
       Punch             |       |     1 |     3 |     1 ||     5
       Double sword      |       |       |       |    21 ||    21
Invok: Berserk           |     2 |     2 |     7 |     2 ||    13
       Brothers in Arms  |       |       |       |     3 ||     3
 Abil: Evoke Invisibilit |       |     4 |    10 |     1 ||    15
  Use: Scroll            |       |       |       |     1 ||     1
 Stab: Invisible         |       |     2 |    10 |     4 ||    16
       Sleeping          |       |     1 |       |       ||     1
Armor: Chain mail        |       |     3 |     2 |       ||     5
       Fire dragon scale |       |       |     3 |     7 ||    10
Dodge: Dodged            |     1 |     9 |    16 |    14 ||    40
